 Dungeon Crawl Stone Soup version 0.22-a0-351-g29664b4 (webtiles) character file.

114 vishdafish the Skirmisher (level 4, -1/33 HPs)
             Began as an Octopode Fighter on Apr 13, 2018.
             Slain by a gnoll
             ... wielding a +0 club
              (2 damage)
             ... on level 2 of the Dungeon.
             The game lasted 00:02:47 (1345 turns).

vishdafish the Skirmisher (Octopode Fighter)        Turns: 1345, Time: 00:02:48

Health: -1/33      AC:  1    Str: 15    XL:     4   Next: 98%
Magic:  4/4        EV: 12    Int: 11    God:
Gold:   73         SH:  9    Dex: 11    Spells: 3/3 levels left

rFire    . . .     SeeInvis .   a - +0 trident
rCold    . . .     Gourm    .   b - +0 shield
rNeg     . . .     Faith    .   (helmet restricted)
rPois    +         Spirit   .   (no amulet)
rElec    .         Reflect  .   h - ring of poison resistance (curse)
rCorr    .         Harm     .   (no ring)
MR       .....                  (no ring)
Stlth    ++........             (no ring)
HPRegen  0.11/turn              (no ring)
MPRegen  0.09/turn              (no ring)
                                (no ring)
                                (no ring)

@: no status effects
A: almost no armour, stealthy swim, amphibious, 8 rings, constrict 8, camouflage
1, gelatinous body 1
a: no special abilities


You were on level 2 of the Dungeon.
You were not hungry.

You visited 1 branch of the dungeon, and saw 2 of its levels.

You collected 73 gold pieces.

Inventory:

Hand Weapons
 a - a +0 trident (weapon)
Armour
 b - a +0 shield (worn)
Jewellery
 h - a cursed ring of poison resistance (left tentacle)
Scrolls
 c - 3 scrolls of immolation {unknown}
 e - 3 scrolls of identify {unknown}
 f - a scroll of amnesia {unknown}
 j - a scroll of fog {unknown}
Potions
 g - a potion of invisibility {unknown}
 i - a potion of brilliance {unknown}
Comestibles
 d - 7 rations


   Skills:
 + Level 3.8 Fighting
 + Level 2.9 Polearms
 + Level 3.7 Dodging
 + Level 3.7 Shields


You had 3 spell levels left.
You didn't know any spells.

Dungeon Overview and Level Annotations

Branches:
Dungeon (2/15)

Altars:


Innate Abilities, Weirdness & Mutations

You cannot wear most types of armour.
You are very stealthy in the water. (Stealth+)
You are amphibious.
You can wear up to eight rings at the same time.
You can use your tentacles to constrict eight enemies at once.
Your skin changes colour to match your surroundings (Stealth+).
Your rubbery body absorbs attacks. (AC +1, EV +1)


Message History

The quokka completely misses you.
You are too injured to fight recklessly!
You release your grip on the quokka.
A giant cockroach comes into view.
The dart slug launches a dart at you. The slug dart misses you.
The quokka bites you.
You hit the worm. You grab the worm. You squeeze the worm.
The worm is heavily wounded.
You constrict the worm. You block the quokka's attack. The quokka bites you.
You hit the worm but do no damage.
The worm is heavily wounded.
You constrict the worm. The gnoll hits you with a club.
* * * LOW HITPOINT WARNING * * *
The dart slug launches a dart at you. You block the slug dart.
The quokka bites you.
* * * LOW HITPOINT WARNING * * *
The worm bites you.
* * * LOW HITPOINT WARNING * * *
The gnoll hits you with a club.
You die...

#.....#...)# ...
!...#..#.<## .....
#....#..# #..... .###
#.#..†.)##......
.....###.#...†)........
.........#.............
#....#..#..............
##..........w..#.......
............@..#...(..w
..........gr..#.......
#.#.......g.........w
#....(..g.w##......
###.##......g.......
...............#####
........#..(..##
........##...##
##...........()g...#


You could see a worm, 3 gnolls, a dart slug, a quokka and a goblin.

Vanquished Creatures
  3 adders (D:1)
  5 gnolls
  A dart slug (D:2)
  A leopard gecko (D:1)
  4 giant cockroaches
  A goblin (D:1)
  6 hobgoblins
  4 jackals (D:1)
  2 kobolds (D:2)
  5 bats
  A frilled lizard (D:2)
  8 rats (D:1)
41 creatures vanquished.

Notes
Turn   | Place    | Note
-------+----------+-------------------------------------------
     0 | D:1      | vishdafish the Octopode Fighter began the quest for the Orb.
     0 | D:1      | Reached XP level 1. HP: 16/16 MP: 1/1
    57 | D:1      | Reached XP level 2. HP: 20/21 MP: 2/2
   194 | D:1      | Reached XP level 3. HP: 15/26 MP: 3/3
   794 | D:1      | Reached XP level 4. HP: 13/31 MP: 4/4
  1345 | D:2      | HP: 1/33 [worm (5)]
  1345 | D:2      | Slain by a gnoll

Vault maps used:
D:1:      tarquinn_simple_flora_water_e
D:2:      zin_treasury, minmay_close_crescents

Action                   |  1- 3 |  4- 6 || total
-------------------------+-------+-------++-------
Melee: Trident           |    52 |    38 ||    90
       Constrict         |    11 |     8 ||    19
       Tentacles         |     5 |     5 ||    10
  Use: Potion            |     1 |       ||     1
 Stab: Sleeping          |     2 |       ||     2
  Eat: Chunk             |       |     1 ||     1
Armor: Skin              |     5 |     4 ||     9
Dodge: Dodged            |    18 |    23 ||    41
Block: Shield            |    25 |    24 ||    49

Table legend:
 A = Spawn XP
 B = Non-spawn XP
 C = Spawn XP percentage of total XP
 D = Spawn monster count
 E = Non-spawn monster count
 F = Spawn count percentage of total count
 G = Total turns spent on level
                    A         B        C        D         E        F      G
               +---------+---------+-------+---------+---------+-------+---------
         Total |       0 |     164 |   0.0 |       0 |      41 |   0.0 |  1345
               +---------+---------+-------+---------+---------+-------+---------
           D:1 |       0 |     117 |   0.0 |       0 |      29 |   0.0 |  1244
           D:2 |       0 |      47 |   0.0 |       0 |      12 |   0.0 |   101
               +---------+---------+-------+---------+---------+-------+---------
